[Event "17th Memorial Lezcano Montalvo 2025"]
[Site "Gran Canaria"]
[Date "2025.04.14"]
[Round "3.1"]
[White "Alsina Leal, Daniel"]
[Black "Dubkov, Andrej"]
[Result "1/2-1/2"]
[Annotator "TA"]
[ECO "B12"]
[WhiteElo "2496"]
[BlackElo "2307"]
[PlyCount "44"]
[EventDate "2025.04.13"]
[EventType "swiss"]
[EventCountry "ESP"]
[SourceTitle "playchess.com"]
[Source "ChessBase"]
[SourceQuality "1"]
[TimeControl "5400+30"]

1. e4 c6 2. d4 d5 3. e5 c5 4. dxc5 e6 5. c3 Bxc5 6. Qg4 $1 {[%emt 0:00:59] B12: Caro-Kann: Advance Variation.} Ne7 7. b4 Bb6 8. Qxg7 {[%emt 0:00:31] White is slightly better.} Rg8 9. Qxh7 Nbc6 (9... Qc7 $14) 10. Nf3 Qc7 11. Bf4 Bd7 12. Bd3 (12. a4 $142) 12... O-O-O $146 (12... Rxg2 13. Bg3 O-O-O 14. Kf1 Rxg3 15. hxg3 Nxe5 16. Nxe5 Qxe5 17. Qxf7 Nc6 18. Qf3 Nxb4 {0-1 Vidal del Rio,M (2113)-Jovic,S (2087) Titled Tuesday intern op 25th Apr Late blitz 2023 (9)}) 13. O-O (13. Qxf7 $2 Rdf8 $19 (13... Rxg2 14. b5 $11)) (13. b5 $1 $16 ) 13... f5 $11 {[%emt 0:08:43] and ...Rh8 should not be overlooked} (13... Rh8 $5 14. Qg7 $8 (14. Qxf7 $2 Rhf8 $19) 14... f5 $14 (14... Rdg8 $2 15. Qf6 $18)) 14. Na3 {[%emt 0:26:12] [#]} (14. exf6 Qxf4 15. fxe7 Rxg2+ 16. Kh1 (16. Kxg2 Qg4+ 17. Kh1 Qxf3+ 18. Kg1 Qg4+ 19. Kh1 Rg8 $19) 16... Re8 $17 (16... Qxf3 $2 17. exd8=Q+ Bxd8 18. Nd2 $18)) (14. b5 $11 {remains equal.} Rh8 15. Qg7) 14... Rh8 ({Black should try} 14... Ng6 $1 $17 15. Nb5 Nxf4 16. Nxc7 Bxc7) 15. Qg7 Rdg8 16. Qf6 Ng6 17. Bg3 f4 18. Bxf4 (18. Bxg6 $11 {and White has nothing to worry.} fxg3 19. hxg3) 18... Nxf4 $19 19. Qxf4 {[%emt 0:00:53] [#]} Rf8 $1 20. Qg3 Rfg8 {[%emt 0:09:40][%mdl 1024] Black has strong compensation.} 21. Qf4 ({Don't blunder} 21. Nb5 $2 Rxg3 22. Nxc7 Rxf3 23. gxf3 Nxe5 (23... Bxc7 $2 24. f4 $17) 24. Nxd5 exd5 $19 (24... Nxd3 $2 25. Rfd1 $17)) 21... Rf8 $1 22. Qg3 {[%emt 0:00:18] Nb5 would now be deadly.} Rfg8 $2 {[%emt 0:00:24] Never resign too early!   Weighted Error Value: White=0.28 (precise) /Black=0.27 (precise)   Loses game:     	White=1     	---        Missed win:     	---       	Black=1      Mistake:       	White=3     	Black=2      Inaccurate:     	---       	Black=1      OK:         	White=9     	Black=7      Strong:       	---       	Black=2} (22... Rhg8 $19 23. Qh3 (23. Bg6 $2 Ne7 $19) 23... Nxe5 24. Nxe5 Qxe5) 1/2-1/2

[Event "17th Memorial Lezcano Montalvo 2025"]
[Site "Gran Canaria"]
[Date "2025.04.14"]
[Round "3.2"]
[White "Korneev, Oleg"]
[Black "Fiorito, Fabian"]
[Result "1/2-1/2"]
[Annotator "RC"]
[ECO "C08"]
[WhiteElo "2466"]
[BlackElo "2268"]
[PlyCount "77"]
[EventDate "2025.04.13"]
[EventType "swiss"]
[EventCountry "ESP"]
[SourceTitle "playchess.com"]
[Source "ChessBase"]
[SourceQuality "1"]
[TimeControl "5400+30"]

1. e4 e6 2. d4 d5 3. Nd2 a6 4. Ngf3 c5 5. exd5 exd5 6. Be2 Nc6 7. O-O cxd4 8. Re1 Be7 9. Nb3 Nf6 10. Nfxd4 O-O 11. Bf4 Re8 12. Bf1 Qb6 13. c3 Bd7 14. Qd3 Bf8 15. Rxe8 Rxe8 16. Nxc6 Qxc6 17. Nd4 Qb6 18. Qc2 Bc5 19. Rd1 Bg4 20. f3 Bd7 21. Bg3 Bb5 22. Bf2 Bxf1 23. Rxf1 Qc7 24. Nf5 Bxf2+ 25. Qxf2 Qe5 26. Nd4 h5 27. Qd2 g6 28. Rf2 Qd6 29. Re2 Rxe2 30. Nxe2 Qe5 31. Nd4 Kf8 32. g3 Ke7 33. Kf2 h4 34. Qe3 hxg3+ 35. hxg3 Qxe3+ 36. Kxe3 Kd6 37. g4 Nd7 38. b3 Ne5 39. a4 1/2-1/2

[Event "17th Memorial Lezcano Montalvo 2025"]
[Site "Gran Canaria"]
[Date "2025.04.14"]
[Round "3.3"]
[White "Torres Rebolledo, Alvaro"]
[Black "Petriashvili, Nikoloz"]
[Result "0-1"]
[Annotator "RC"]
[ECO "B06"]
[WhiteElo "2311"]
[BlackElo "2459"]
[PlyCount "86"]
[EventDate "2025.04.13"]
[EventType "swiss"]
[EventCountry "ESP"]
[SourceTitle "playchess.com"]
[Source "ChessBase"]
[SourceQuality "1"]
[TimeControl "5400+30"]

1. e4 g6 2. d4 Bg7 3. Nc3 d6 4. Be3 a6 5. a4 Nf6 6. f3 O-O 7. Nge2 Nc6 8. Qd2 Rb8 9. a5 e5 10. d5 Ne7 11. h4 c6 12. Bb6 Qd7 13. g4 cxd5 14. g5 Nh5 15. Nxd5 Nxd5 16. Qxd5 Re8 17. Bh3 Qe7 18. Bxc8 Rbxc8 19. O-O-O Rc6 20. c3 Qe6 21. Kb1 Bf8 22. Rhf1 Qxd5 23. Rxd5 f6 24. gxf6 Nxf6 25. Rd3 Nh5 26. f4 Rc4 27. fxe5 dxe5 28. Rd7 Rxe4 29. Nc1 Rf4 30. Re1 Rf7 31. Rd5 e4 32. Nb3 Bh6 33. Kc2 e3 34. Nc1 Rf2+ 35. Kb3 Rd2 36. c4 Nf6 37. Rd4 e2 38. Nd3 Be3 39. Rd6 Bf4 40. Rxf6 Rxd3+ 41. Kc2 Rf3 42. Bd4 Bg3 43. Rxf3 Bxe1 0-1

[Event "17th Memorial Lezcano Montalvo 2025"]
[Site "Gran Canaria"]
[Date "2025.04.14"]
[Round "3.4"]
[White "Meneses Gonzalez, Kevin Moises"]
[Black "Larino Nieto, David"]
[Result "0-1"]
[Annotator "RC"]
[ECO "A15"]
[WhiteElo "2307"]
[BlackElo "2448"]
[PlyCount "62"]
[EventDate "2025.04.13"]
[EventType "swiss"]
[EventCountry "ESP"]
[SourceTitle "playchess.com"]
[Source "ChessBase"]
[SourceQuality "1"]
[TimeControl "5400+30"]

1. Nf3 b6 2. c4 Bb7 3. Nc3 Nf6 4. g3 e5 5. Bg2 Bb4 6. O-O Bxc3 7. bxc3 d6 8. d3 O-O 9. e4 Kh8 10. Nh4 Ng8 11. Qg4 Nd7 12. Bg5 Qe8 13. Nf5 g6 14. Bh6 Nxh6 15. Nxh6 Nc5 16. Rad1 Qe7 17. f4 f6 18. Qe2 exf4 19. gxf4 f5 20. Qe3 Qg7 21. Qh3 Rae8 22. exf5 gxf5 23. Rf2 Bc8 24. Qh5 Bd7 25. Rf3 Rf6 26. Rh3 Rg6 27. Rd2 Re1+ 28. Kf2 Rxg2+ 29. Kxe1 Rg1+ 30. Kf2 Qg2+ 31. Ke3 Re1+ 0-1

[Event "17th Memorial Lezcano Montalvo 2025"]
[Site "Gran Canaria"]
[Date "2025.04.14"]
[Round "3.5"]
[White "Pap, Misa"]
[Black "Hernando Rodrigo, Jose Maria"]
[Result "1-0"]
[Annotator "RC"]
[ECO "B45"]
[WhiteElo "2444"]
[BlackElo "2256"]
[PlyCount "56"]
[EventDate "2025.04.13"]
[EventType "swiss"]
[EventCountry "ESP"]
[SourceTitle "playchess.com"]
[Source "ChessBase"]
[SourceQuality "1"]
[TimeControl "5400+30"]

1. e4 c5 2. Nf3 e6 3. Nc3 Nc6 4. d4 cxd4 5. Nxd4 Nf6 6. a3 d5 7. Bb5 Bd7 8. exd5 Nxd4 9. Bxd7+ Qxd7 10. Qxd4 Nxd5 11. Nxd5 Qxd5 12. Qxd5 exd5 13. Be3 b6 14. O-O-O O-O-O 15. Rd3 Be7 16. Rhd1 Bf6 17. Rxd5 Rxd5 18. Rxd5 Rd8 19. Rxd8+ Kxd8 20. c4 Kc7 21. b4 g6 22. Kc2 Be7 23. Kb3 a6 24. a4 a5 25. c5 axb4 26. cxb6+ Kb7 27. Kc4 Ka6 28. g3 Ka5 1-0

[Event "17th Memorial Lezcano Montalvo 2025"]
[Site "Gran Canaria"]
[Date "2025.04.14"]
[Round "3.6"]
[White "Castellanos Gomez, Alejandro"]
[Black "Martinez Ramirez, Lennis"]
[Result "0-1"]
[Annotator "RC"]
[ECO "A57"]
[WhiteElo "2267"]
[BlackElo "2443"]
[PlyCount "56"]
[EventDate "2025.04.13"]
[EventType "swiss"]
[EventCountry "ESP"]
[SourceTitle "playchess.com"]
[Source "ChessBase"]
[SourceQuality "1"]
[TimeControl "5400+30"]

1. d4 Nf6 2. Nf3 g6 3. g3 c5 4. d5 b5 5. c4 bxc4 6. Nc3 Bg7 7. Bg2 d6 8. O-O Nbd7 9. Nd2 Nb6 10. e4 O-O 11. f4 e6 12. dxe6 Bxe6 13. f5 Bd7 14. g4 h6 15. h4 Nh7 16. Nf3 Bc6 17. Bf4 d5 18. e5 d4 19. f6 Nxf6 20. exf6 Qxf6 21. Be5 Qe6 22. Bxg7 Kxg7 23. Ne2 Qxg4 24. Qd2 Rae8 25. Qf4 h5 26. Qd2 c3 27. Qc2 Be4 28. Qd1 cxb2 0-1

[Event "17th Memorial Lezcano Montalvo 2025"]
[Site "Gran Canaria"]
[Date "2025.04.14"]
[Round "3.7"]
[White "Kovchan, Alexander"]
[Black "Rodriguez Avila, Alvaro"]
[Result "1-0"]
[Annotator "RC"]
[ECO "B67"]
[WhiteElo "2433"]
[BlackElo "2212"]
[PlyCount "67"]
[EventDate "2025.04.13"]
[EventType "swiss"]
[EventCountry "ESP"]
[SourceTitle "playchess.com"]
[Source "ChessBase"]
[SourceQuality "1"]
[TimeControl "5400+30"]

1. e4 c5 2. Nf3 d6 3. d4 cxd4 4. Nxd4 Nf6 5. Nc3 Nc6 6. Bg5 e6 7. Qd2 a6 8. O-O-O Bd7 9. f4 b5 10. Bxf6 gxf6 11. Kb1 Qb6 12. Nxc6 Bxc6 13. Qe1 Be7 14. f5 b4 15. Ne2 e5 16. Nc1 Qb7 17. Nb3 a5 18. Nd2 O-O-O 19. Nc4 Qc7 20. Ne3 Kb8 21. Bc4 Rc8 22. Bxf7 Bxe4 23. Qe2 Qb7 24. Rd2 Rc5 25. Rhd1 Rhc8 26. Be6 R8c6 27. Qg4 Rc7 28. Qg8+ Ka7 29. Bd5 Rxd5 30. Rxd5 Qb6 31. Qe8 Ka6 32. Qa8+ Ra7 33. Qc8+ Qb7 34. Qc4+ 1-0

[Event "17th Memorial Lezcano Montalvo 2025"]
[Site "Gran Canaria"]
[Date "2025.04.14"]
[Round "3.8"]
[White "Moreno Diepa, Diego"]
[Black "Fiorito, Francisco"]
[Result "0-1"]
[Annotator "RC"]
[ECO "B06"]
[WhiteElo "2243"]
[BlackElo "2431"]
[PlyCount "114"]
[EventDate "2025.04.13"]
[EventType "swiss"]
[EventCountry "ESP"]
[SourceTitle "playchess.com"]
[Source "ChessBase"]
[SourceQuality "1"]
[TimeControl "5400+30"]

1. e4 g6 2. d4 c6 3. Nf3 Bg7 4. Be2 d5 5. exd5 cxd5 6. O-O Nc6 7. c3 Bg4 8. Bf4 Bxf3 9. Bxf3 e6 10. h3 Nge7 11. Nd2 O-O 12. Re1 Re8 13. Nb3 Nf5 14. Nc5 b6 15. Nd3 Rc8 16. Bh2 Bf8 17. Qd2 Bd6 18. Bxd6 Nxd6 19. Re2 Qh4 20. Rae1 Nc4 21. Qc1 Red8 22. Bg4 Qf6 23. Qh6 Qg7 24. Qh4 Nd6 25. Bf3 Nf5 26. Qf4 Qh6 27. Qxh6 Nxh6 28. g4 Kg7 29. Bg2 Ng8 30. f4 Nge7 31. Bf1 h5 32. f5 gxf5 33. gxh5 Kh6 34. Nf4 Ng8 35. Rg2 Kh7 36. Bd3 Nf6 37. Kh2 Ne4 38. Ba6 Rb8 39. Bb5 Ne7 40. Nd3 Rg8 41. Rxg8 Rxg8 42. Ne5 Nd6 43. Bd3 Rg7 44. a4 Ng8 45. a5 Nf6 46. axb6 axb6 47. Ra1 Nxh5 48. Ra6 Nf4 49. Bf1 Ne4 50. Nf3 Rg3 51. Nd2 Re3 52. Nxe4 fxe4 53. Rxb6 Rf3 54. Bg2 Rd3 55. Bf1 Rd1 56. Ba6 e3 57. Kg3 e2 0-1

[Event "17th Memorial Lezcano Montalvo 2025"]
[Site "Gran Canaria"]
[Date "2025.04.14"]
[Round "3.9"]
[White "Yelisieiev, Yevhenii"]
[Black "Paquico Rodriguez, Ivan"]
[Result "1-0"]
[Annotator "RC"]
[ECO "A41"]
[WhiteElo "2413"]
[BlackElo "2202"]
[PlyCount "83"]
[EventDate "2025.04.13"]
[EventType "swiss"]
[EventCountry "ESP"]
[SourceTitle "playchess.com"]
[Source "ChessBase"]
[SourceQuality "1"]
[TimeControl "5400+30"]

1. d4 g6 2. Nf3 Bg7 3. g3 d6 4. Bg2 Bd7 5. c4 Qc8 6. h3 Nc6 7. Nc3 Nf6 8. e4 O-O 9. Be3 e5 10. d5 Nd8 11. c5 Ne8 12. g4 f6 13. Rc1 Nf7 14. b4 Qd8 15. Nd2 Bh6 16. O-O Bf4 17. Bxf4 exf4 18. Ne2 g5 19. Nd4 Ng7 20. N2b3 Ba4 21. Rc3 Re8 22. Qc2 Ne5 23. Rc1 c6 24. dxc6 bxc6 25. Rd1 Rb8 26. b5 Bxb5 27. Nxb5 Rxb5 28. Rxd6 Qe7 29. Qd1 Ne6 30. Bf1 Rb4 31. f3 Qc7 32. a3 Rb7 33. Bc4 Nxc4 34. Rxc4 Kg7 35. Rb4 Re7 36. Nd4 Nxd4 37. Qxd4 Rf7 38. e5 a5 39. Rb6 Rxb6 40. cxb6 Qb7 41. e6 Re7 42. Rd7 1-0

[Event "17th Memorial Lezcano Montalvo 2025"]
[Site "Gran Canaria"]
[Date "2025.04.14"]
[Round "3.10"]
[White "Fiorito, Joaquin"]
[Black "Marrero Cardenes, Agustin"]
[Result "1-0"]
[Annotator "RC"]
[ECO "B12"]
[WhiteElo "2402"]
[BlackElo "2163"]
[PlyCount "53"]
[EventDate "2025.04.13"]
[EventType "swiss"]
[EventCountry "ESP"]
[SourceTitle "playchess.com"]
[Source "ChessBase"]
[SourceQuality "1"]
[TimeControl "5400+30"]

1. e4 c6 2. d4 d5 3. e5 Bf5 4. h4 h5 5. c4 e6 6. Nc3 dxc4 7. Bxc4 Nd7 8. Nge2 Be7 9. g3 b5 10. Bd3 Bxd3 11. Qxd3 Qb6 12. a4 b4 13. Ne4 Nh6 14. Bxh6 Rxh6 15. O-O c5 16. Rfc1 cxd4 17. a5 Qb7 18. f4 Rd8 19. Rc4 f5 20. exf6 gxf6 21. Rxd4 f5 22. Nd6+ Bxd6 23. Rxd6 Rc8 24. a6 Qc7 25. Rc1 Qd8 26. Rd1 Rc7 27. Nd4 1-0

[Event "17th Memorial Lezcano Montalvo 2025"]
[Site "Gran Canaria"]
[Date "2025.04.14"]
[Round "3.11"]
[White "Akhvlediani, Irakli"]
[Black "Blanco Garcia Bajo, David"]
[Result "1-0"]
[Annotator "RC"]
[ECO "A13"]
[WhiteElo "2387"]
[BlackElo "2098"]
[PlyCount "91"]
[EventDate "2025.04.13"]
[EventType "swiss"]
[EventCountry "ESP"]
[SourceTitle "playchess.com"]
[Source "ChessBase"]
[SourceQuality "1"]
[TimeControl "5400+30"]

1. c4 e6 2. Nc3 Bb4 3. Qb3 Ba5 4. g3 Nf6 5. Bg2 Na6 6. Nf3 c5 7. O-O Bxc3 8. Qxc3 O-O 9. d4 d6 10. Rd1 Qe7 11. b3 b6 12. Bg5 Bb7 13. dxc5 dxc5 14. Ne5 Bxg2 15. Rd7 Qxd7 16. Nxd7 Nxd7 17. Kxg2 f6 18. Be3 Rfd8 19. a3 Ne5 20. b4 Rac8 21. b5 Nc7 22. Bf4 Ng6 23. Bxc7 Rxc7 24. a4 Rcd7 25. a5 Rd2 26. axb6 axb6 27. Ra8 Kf7 28. Rxd8 Rxd8 29. Qf3 Ne5 30. Qb7+ Nd7 31. f4 g6 32. e4 g5 33. Qc7 Ke7 34. fxg5 fxg5 35. e5 Re8 36. g4 Rf8 37. Qd6+ Kd8 38. Qxe6 Re8 39. Qh6 Rxe5 40. Qxh7 Nf6 41. Qg7 Nd7 42. h4 gxh4 43. g5 Re4 44. g6 Ne5 45. Qf8+ Kd7 46. Qf5+ 1-0

[Event "17th Memorial Lezcano Montalvo 2025"]
[Site "Gran Canaria"]
[Date "2025.04.14"]
[Round "3.12"]
[White "Tytynnik, Artem"]
[Black "Barski, Radoslaw"]
[Result "1-0"]
[Annotator "RC"]
[ECO "E11"]
[WhiteElo "2209"]
[BlackElo "2385"]
[PlyCount "71"]
[EventDate "2025.04.13"]
[EventType "swiss"]
[EventCountry "ESP"]
[SourceTitle "playchess.com"]
[Source "ChessBase"]
[SourceQuality "1"]
[TimeControl "5400+30"]

1. d4 Nf6 2. c4 e6 3. g3 d5 4. Nf3 Bb4+ 5. Bd2 Be7 6. Qc2 O-O 7. Bg2 Nbd7 8. O-O c6 9. Rd1 a5 10. Bf4 h6 11. b3 Ne4 12. Ne5 Nxe5 13. dxe5 f5 14. Be3 a4 15. bxa4 Qa5 16. cxd5 exd5 17. f3 Bg5 18. Bd4 c5 19. fxe4 cxd4 20. exd5 Be3+ 21. Kh1 Bd7 22. Nd2 Bxa4 23. Nb3 f4 24. Qd3 Bxb3 25. Qxb3 fxg3 26. Rf1 Rf2 27. hxg3 Rxe2 28. Qxb7 Kh8 29. e6 Bg5 30. d6 Re8 31. Qd5 Qc3 32. e7 Bxe7 33. dxe7 R2xe7 34. Qd6 Re5 35. Bf3 Re3 36. Qf4 1-0

[Event "17th Memorial Lezcano Montalvo 2025"]
[Site "Gran Canaria"]
[Date "2025.04.14"]
[Round "3.13"]
[White "Narciso Dublan, Marc"]
[Black "Rivero Tacoronte, Gabriel"]
[Result "1-0"]
[Annotator "RC"]
[ECO "D12"]
[WhiteElo "2376"]
[BlackElo "1963"]
[PlyCount "81"]
[EventDate "2025.04.13"]
[EventType "swiss"]
[EventCountry "ESP"]
[SourceTitle "playchess.com"]
[Source "ChessBase"]
[SourceQuality "1"]
[TimeControl "5400+30"]

1. d4 d5 2. Nf3 Nf6 3. e3 Bf5 4. c4 c6 5. Nc3 e6 6. Nh4 Bg6 7. Nxg6 hxg6 8. Bd3 Bd6 9. h3 Nbd7 10. O-O Qe7 11. Qc2 g5 12. cxd5 cxd5 13. e4 dxe4 14. Bxe4 g4 15. Bxb7 Rb8 16. Be4 Nxe4 17. Nxe4 gxh3 18. g3 Rd8 19. Bg5 f6 20. Bd2 Kf7 21. Rae1 Rc8 22. Qb3 Nb6 23. Qf3 Kg8 24. Re2 e5 25. Rfe1 Re8 26. Bc3 Nd7 27. Nxd6 Qxd6 28. Kh2 Rh6 29. Qf5 Qd5 30. f4 g6 31. Qc2 Qxa2 32. dxe5 fxe5 33. fxe5 Qe6 34. Rf2 g5 35. Qd2 Rg6 36. Qd3 Qc6 37. Ree2 g4 38. Re4 Nc5 39. Qc4+ Ree6 40. Rxg4 Ne4 41. Rxg6+ 1-0

[Event "17th Memorial Lezcano Montalvo 2025"]
[Site "Gran Canaria"]
[Date "2025.04.14"]
[Round "3.14"]
[White "Garcia Brion, Eduardo"]
[Black "Strikovic, Aleksa"]
[Result "0-1"]
[Annotator "RC"]
[ECO "B47"]
[WhiteElo "2171"]
[BlackElo "2367"]
[PlyCount "80"]
[EventDate "2025.04.13"]
[EventType "swiss"]
[EventCountry "ESP"]
[SourceTitle "playchess.com"]
[Source "ChessBase"]
[SourceQuality "1"]
[TimeControl "5400+30"]

1. e4 c5 2. Nf3 e6 3. d4 cxd4 4. Nxd4 Nc6 5. Nc3 Qc7 6. g3 Nf6 7. Bg2 a6 8. O-O Nxd4 9. Qxd4 Bc5 10. Bf4 d6 11. Qd2 h6 12. Na4 e5 13. Nxc5 exf4 14. Nd3 fxg3 15. hxg3 O-O 16. Rfe1 Re8 17. Re2 Bg4 18. Re3 Rac8 19. Rc1 b5 20. Qe1 Be6 21. e5 dxe5 22. Nxe5 Qb6 23. a3 Red8 24. Rd3 Rxd3 25. Nxd3 Bf5 26. Qe2 Qd4 27. Rd1 Bg4 28. Bf3 Re8 29. Bxg4 Rxe2 30. Bxe2 Ne4 31. Kg2 Ng5 32. Re1 Qd7 33. Bd1 h5 34. Re3 g6 35. b4 Kg7 36. Re1 h4 37. gxh4 Qh3+ 38. Kg1 Qxh4 39. Re3 Qd4 40. Re1 Qc3 0-1

[Event "17th Memorial Lezcano Montalvo 2025"]
[Site "Gran Canaria"]
[Date "2025.04.14"]
[Round "3.16"]
[White "Sanchez Gonzalez, Diego"]
[Black "Sanz Wawer, Daniel"]
[Result "0-1"]
[Annotator "RC"]
[ECO "B40"]
[WhiteElo "2025"]
[BlackElo "2316"]
[PlyCount "64"]
[EventDate "2025.04.13"]
[EventType "swiss"]
[EventCountry "ESP"]
[SourceTitle "playchess.com"]
[Source "ChessBase"]
[SourceQuality "1"]
[TimeControl "5400+30"]

1. e4 c5 2. Nf3 e6 3. d4 cxd4 4. Nxd4 Nc6 5. Nxc6 bxc6 6. Bd3 Nf6 7. O-O d5 8. Nd2 Be7 9. b3 O-O 10. Bb2 a5 11. a4 Ba6 12. Bxa6 Rxa6 13. Qe2 Qb6 14. Rad1 Raa8 15. Kh1 Rad8 16. f4 c5 17. e5 Nd7 18. g4 f5 19. exf6 Bxf6 20. Bxf6 Rxf6 21. g5 Rf5 22. Rde1 Nf8 23. Rf2 Qd6 24. Qe3 Re8 25. Rd1 Qc7 26. Rdf1 Ng6 27. Re1 Nxf4 28. Nf1 Ref8 29. Ng3 Rxg5 30. Ref1 e5 31. h4 Rg4 32. Rh2 Qe7 0-1

[Event "17th Memorial Lezcano Montalvo 2025"]
[Site "Gran Canaria"]
[Date "2025.04.14"]
[Round "3.17"]
[White "Ramirez Maillo, Juan Adonay"]
[Black "Kaczur, Florian"]
[Result "0-1"]
[Annotator "TA"]
[ECO "C41"]
[WhiteElo "1956"]
[BlackElo "2495"]
[PlyCount "56"]
[EventDate "2025.04.13"]
[EventType "swiss"]
[EventCountry "ESP"]
[SourceTitle "playchess.com"]
[Source "ChessBase"]
[SourceQuality "1"]
[TimeControl "5400+30"]

1. e4 e5 2. Nf3 Nc6 3. Bc4 d6 4. d4 exd4 5. Nxd4 Nf6 6. Nc3 Be7 7. O-O O-O 8. a4 Ne5 9. Ba2 c6 10. h3 {[%emt 0:02:03] C41: Philidor Defence.} Re8 11. Be3 Bf8 12. Nf3 {[%emt 0:06:44] White has an edge.} Qa5 $146 (12... Qc7 13. Bg5 Nfd7 14. Nh4 Nc5 15. f4 Ng6 16. Nxg6 hxg6 17. f5 gxf5 18. exf5 d5 {½-½ Pereverzev,T (1952)-Mulay,P (2057) Paracin Prestige op 2025 (2)}) 13. Bd4 Be6 14. Bxe6 Rxe6 15. Ng5 Re7 16. f4 Ned7 17. e5 (17. Qd2 $11 {keeps the balance.}) 17... dxe5 $17 18. fxe5 Nxe5 19. Rxf6 $2 {[%emt 0:03:23] This costs White the game.} gxf6 $19 20. Qh5 (20. Nge4 {was the only chance.} Re6 21. Qf1) 20... fxg5 21. Qxg5+ Kh8 22. Qf6+ {[%emt 0:14:37] [#]} Bg7 $1 ({But not} 22... Kg8 23. Qg5+ Kh8 24. Qf6+ Bg7 25. Qxe7 $19) 23. Qxe7 {[%emt 0:00:23][%cal Oa1d1] [#]} Nf3+ $1 24. gxf3 Bxd4+ 25. Kf1 $2 (25. Kh2 Be5+ 26. Kg2 Rg8+ 27. Kf1 Bxc3 28. bxc3 Qxc3 (28... Qf5 $2 29. Qe4 $19) 29. Ra3) 25... Qf5 {[%emt 0:01:19] Black is clearly winning.} 26. Qe4 Qxh3+ 27. Ke2 Rd8 {[%emt 0:00:22] Strongly threatening ...f5.} 28. Rd1 Qh2+ {[%emt 0:01:55] Weighted Error Value: White=0.71/Black=0.02 (flawless)   Mistake:       	White=4     	---        Inaccurate:     	White=2     	Black=1      OK:         	White=5     	Black=5      Best:        	White=1     	Black=4      Strong:       	---       	Black=1      Brilliant:      	---       	Black=1} 0-1

[Event "17th Memorial Lezcano Montalvo 2025"]
[Site "Gran Canaria"]
[Date "2025.04.14"]
[Round "3.18"]
[White "Castro Miguelez, Jose"]
[Black "Ambartsumova, Karina"]
[Result "0-1"]
[Annotator "RC"]
[ECO "C41"]
[WhiteElo "1846"]
[BlackElo "2405"]
[PlyCount "120"]
[EventDate "2025.04.13"]
[EventType "swiss"]
[EventCountry "ESP"]
[SourceTitle "playchess.com"]
[Source "ChessBase"]
[SourceQuality "1"]
[TimeControl "5400+30"]

1. e4 e5 2. Nf3 d6 3. d4 exd4 4. Nxd4 Nf6 5. Nc3 Be7 6. g3 O-O 7. Bg2 Re8 8. O-O c6 9. a4 a5 10. h3 Na6 11. b3 Bf8 12. Bb2 Nc5 13. Re1 g6 14. Qd2 Bg7 15. Rad1 Qb6 16. Kh2 Be6 17. Ba1 Rad8 18. f4 Bc8 19. Bf3 d5 20. exd5 Rxe1 21. Rxe1 cxd5 22. Ncb5 Nce4 23. Qd3 h5 24. Re2 Bd7 25. c4 dxc4 26. Qxc4 Rc8 27. Qd3 Nc5 28. Qd2 Bxb5 29. axb5 Rd8 30. Qa2 h4 31. Bc3 hxg3+ 32. Kxg3 Nd3 33. Qxa5 Qxa5 34. Bxa5 Rxd4 35. Bxb7 Nxf4 36. Rc2 N4d5 37. Rc8+ Kh7 38. Rd8 Rd3+ 39. Kh2 Rxb3 40. Bxd5 Rxb5 41. Bxf7 Rxa5 42. Rd3 Ra7 43. Be6 Re7 44. Bg4 Nxg4+ 45. hxg4 Kh6 46. Kh3 Kg5 47. Rd5+ Re5 48. Rd6 Re3+ 49. Kg2 Be5 50. Re6 Bf4 51. Ra6 Rd3 52. Kf2 Rd6 53. Ra1 Kxg4 54. Rg1+ Kf5 55. Rb1 g5 56. Rb5+ Kg4 57. Rb1 Rd2+ 58. Kf1 Kf3 59. Rb3+ Be3 60. Ke1 Rc2 0-1

[Event "17th Memorial Lezcano Montalvo 2025"]
[Site "Gran Canaria"]
[Date "2025.04.14"]
[Round "3.19"]
[White "Calzetta Ruiz, Monica"]
[Black "Roquero Redondo, Miguel"]
[Result "1-0"]
[Annotator "RC"]
[ECO "B33"]
[WhiteElo "2224"]
[BlackElo "2037"]
[PlyCount "67"]
[EventDate "2025.04.13"]
[EventType "swiss"]
[EventCountry "ESP"]
[SourceTitle "playchess.com"]
[Source "ChessBase"]
[SourceQuality "1"]
[TimeControl "5400+30"]

1. e4 c5 2. Nf3 Nc6 3. d4 cxd4 4. Nxd4 Nf6 5. Nc3 e5 6. Ndb5 d6 7. Bg5 a6 8. Na3 b5 9. Nd5 Be7 10. Bxf6 Bxf6 11. c4 b4 12. Nc2 O-O 13. h4 a5 14. g3 Be6 15. Bh3 Rb8 16. b3 Be7 17. Kf1 Qd7 18. Kg2 Bd8 19. Qd3 Ne7 20. Nce3 Bb6 21. Nxb6 Rxb6 22. Rad1 Qc7 23. Rd2 Qc5 24. h5 h6 25. Rhd1 Rd8 26. Qe2 Nc6 27. Bxe6 fxe6 28. Qg4 Nd4 29. Nc2 Re8 30. Nxd4 exd4 31. Rxd4 Qe5 32. Qg6 Re7 33. c5 Rb5 34. cxd6 1-0

[Event "17th Memorial Lezcano Montalvo 2025"]
[Site "Gran Canaria"]
[Date "2025.04.14"]
[Round "3.20"]
[White "Estremera Panos, Sergio"]
[Black "Perez Betancor, Jose Luis"]
[Result "1-0"]
[Annotator "RC"]
[ECO "A84"]
[WhiteElo "2195"]
[BlackElo "1782"]
[PlyCount "33"]
[EventDate "2025.04.13"]
[EventType "swiss"]
[EventCountry "ESP"]
[SourceTitle "playchess.com"]
[Source "ChessBase"]
[SourceQuality "1"]
[TimeControl "5400+30"]

1. d4 f5 2. Nf3 e6 3. g3 b6 4. Bg2 Bb7 5. O-O Nf6 6. c4 Be7 7. Nc3 Ne4 8. d5 Nxc3 9. bxc3 Na6 10. Nd4 Nc5 11. dxe6 Bxg2 12. exd7+ Qxd7 13. Kxg2 O-O-O 14. Ba3 g6 15. e3 h5 16. Bxc5 Bxc5 17. Qf3 1-0

[Event "17th Memorial Lezcano Montalvo 2025"]
[Site "Gran Canaria"]
[Date "2025.04.14"]
[Round "3.21"]
[White "Macias Reyes, Jose Luis"]
[Black "Rodriguez Lopez, David"]
[Result "0-1"]
[Annotator "RC"]
[ECO "D02"]
[WhiteElo "1674"]
[BlackElo "2182"]
[PlyCount "34"]
[EventDate "2025.04.13"]
[EventType "swiss"]
[EventCountry "ESP"]
[SourceTitle "playchess.com"]
[Source "ChessBase"]
[SourceQuality "1"]
[TimeControl "5400+30"]

1. d4 Nf6 2. Bf4 e6 3. e3 c5 4. Nf3 d5 5. Nbd2 Nc6 6. c3 Bd6 7. Bg3 O-O 8. Bd3 b6 9. e4 Be7 10. e5 Nh5 11. Qe2 Bb7 12. Qe3 Rc8 13. Bf4 cxd4 14. cxd4 Nxf4 15. Qxf4 Nb4 16. Qe3 Ba6 17. Bb1 Rc1# 0-1